 Dungeon Crawl Stone Soup version 0.31-a0-150-g89dc3ad700 (webtiles) character file.

Game seed: 3250495354306887577

203 qw the Shooter (level 5, -1/36 HPs)
             Began as a Gargoyle Hunter on June 8, 2023.
             Was an Initiate of Okawaru.
             Slain by an iguana (11 damage)
             ... on level 4 of the Dungeon.
             The game lasted 00:00:56 (2428 turns).

qw the Shooter (Gargoyle Hunter)                    Turns: 2428, Time: 00:00:57

Health: -1/36      AC:  9    Str: 20    XL:     5   Next: 81%
Magic:  5/5        EV: 11    Int:  6    God:    Okawaru [......]
Gold:   92         SH:  0    Dex: 15    Spells: 4/4 levels left

rFire   + . .        Y - +2 shortbow
rCold   + . .        (shield currently unavailable)
rNeg    + . .        i - +0 ring mail
rPois   inf          (no helmet)
rElec   +            c - scarf {repulsion}
rCorr   .            (no gloves)
SInv    +            (no boots)
Will    .....        (no amulet)
Stlth   +            e - ring of Tauloq {rF+ rC+ Str+6 Int-2 SInv}
HPRegen 0.26/turn    (no ring)
MPRegen 0.09/turn

%: repel missiles
@: no status effects
A: sickness immunity, AC +4, negative energy resistance 1, electricity
resistance, torment resistance 1, petrification resistance, dopey 1, robust 1
a: Renounce Religion


You were on level 4 of the Dungeon.
You worshipped Okawaru.
Okawaru was noncommittal.
You visited 1 branch of the dungeon, and saw 4 of its levels.

You collected 196 gold pieces.
You spent 104 gold pieces at shops.


Innate Abilities, Weirdness & Mutations

You are immune to sickness and miasma.
Your stone body is resilient. (AC +4)
You are immune to poison.
You resist negative energy. (rN+)
You are resistant to electric shocks. (rElec)
You are resistant to unholy torment.
You are immune to petrification.
You are dopey. (Int -2)
You are robust. (+10% HP)


   Skills:
 + Level 3.7 Fighting
 - Level 6.0 Ranged Weapons
 - Level 1.4 Armour
 - Level 1.5 Dodging
 - Level 1.1 Stealth


You had 4 spell levels left.
You didn't know any spells.
Your spell library was empty.

Inventory:

Hand Weapons
 Y - a +2 shortbow (weapon)
Armour
 c - a scarf of repulsion (worn)
 i - a +0 ring mail (worn)
Jewellery
 e - the ring of Tauloq (left hand) {rF+ rC+ Str+6 Int-2 SInv}
   (You found it on level 3 of the Dungeon)

   [ring of strength]

   Str:       It affects your strength (+6).
   Int:       It affects your intelligence (-2).
   rF:        It protects you from fire.
   rC:        It protects you from cold.
   SInv:      It lets you see invisible.
Scrolls
 a - a scroll of identify
 g - a scroll of enchant armour
Potions
 d - 2 potions of mutation
 f - 5 potions of curing

Dungeon Overview and Level Annotations

Branches:
Dungeon (4/15)
 Temple: D:4-7

Altars:
Elyvilon
Okawaru
Uskayaw
Yredelemnul

Shops:
D:3 ?*

Annotations:
D:1 2 transporters
D:4 Menkaure


Message History

Okawaru accepts your kill.
Found a quokka corpse and a scorpion corpse.
Found a hide-covered altar of Uskayaw.
Found a giant cockroach corpse.
Found a quokka corpse.
Found an adder corpse.
Menkaure, Prince of Dust comes into view.
Menkaure shouts!
You hear an angry hiss.
You shoot an arrow. The arrow hits Menkaure!
Menkaure is heavily damaged.
An iguana comes into view.
You shoot an arrow.
The arrow hits Menkaure but does no damage.
Menkaure is heavily damaged.
You shoot an arrow. The arrow hits Menkaure.
Menkaure is heavily damaged.
Menkaure gestures at you while chanting.
Pain shoots through your body!
You shoot an arrow.
The arrow hits Menkaure but does no damage.
Menkaure is heavily damaged.
Menkaure points at you and mumbles some strange words.
Pain shoots through your body!
You shoot an arrow. The arrow barely misses Menkaure.
You shoot an arrow. The arrow hits Menkaure.
Menkaure is severely damaged.
You shoot an arrow. The arrow hits the iguana!
The iguana is heavily wounded.
The iguana bites you.
You shoot an arrow. The arrow hits Menkaure.
Menkaure is severely damaged.
The iguana bites you but does no damage.
Menkaure completely misses you.
You shoot an arrow. The arrow hits Menkaure.
Menkaure is severely damaged.
The iguana closely misses you. Menkaure hits you!
You shoot an arrow. The arrow hits Menkaure.
Menkaure is almost destroyed.
The iguana bites you!
You die...

.)))))................
..#####.........######
..........#........
.#######.##.#.#####
#..##.#...
####.#####....
#.......##!####
#......%##.# #@..%...#
#.Ml%._......
#.#..%.%..##.#
#.#.......# # #
#.......# ####.#### ..
#..


You could see Menkaure and an iguana.

Vanquished Creatures
  An iguana (D:3)
  Ijyb (D:3)
  An orc wizard (D:4)
  6 adders
  3 worms
  A dart slug (D:1)
  9 orcs
  3 bats
  6 endoplasms
  3 giant cockroaches
  5 goblins
  2 hobgoblins
  2 quokkas (D:2)
  4 ball pythons
  2 frilled lizards (D:3)
  5 kobolds
  4 rats
58 creatures vanquished.

Notes
Turn   | Place    | Note
-------+----------+-------------------------------------------
     0 | D:1      | qw the Gargoyle Hunter began the quest for the Orb.
     0 | D:1      | Reached XP level 1. HP: 12/12 MP: 1/1
     0 | D:1      | 0 ||| qw: Version: 0.2-a-120-gdf1a93b
     0 | D:1      | 0 ||| qw: Game counter: 2962
     0 | D:1      | 0 ||| qw: Always use a shield: true
     0 | D:1      | 0 ||| qw: God list: Okawaru
     0 | D:1      | 0 ||| qw: Allow faded altars: false
     0 | D:1      | 0 ||| qw: Do Orc after D:15 true
     0 | D:1      | 0 ||| qw: Do second Lair branch before Depths: true
     0 | D:1      | 0 ||| qw: Lair rune preference: random
     0 | D:1      | 0 ||| qw: Plans: Normal
     0 | D:1      | 0 ||| PLANNING D:1-11
   380 | D:1      | Reached XP level 2. HP: 17/17 MP: 2/2
   849 | D:1      | 849 ||| UPGRADING to +0 ring mail.
   859 | D:1      | 859 ||| DROPPING +0 leather armour.
   860 | D:1      | 860 ||| DROPPING ring of magical power.
   861 | D:1      | 861 ||| READING scroll labelled ELASID WOFFUDO.
   862 | D:1      | 862 ||| DRINKING 3 golden potions.
   863 | D:1      | 863 ||| DRINKING 2 metallic green potions.
   886 | D:1      | 886 ||| DROPPING scroll of butterflies.
   887 | D:1      | 887 ||| DROPPING potion of lignification.
   915 | D:2      | 915 ||| STAIRDANCE
   920 | D:1      | Reached skill level 1 in Armour
   920 | D:1      | Reached XP level 3. HP: 20/21 MP: 3/3
   982 | D:2      | You fall into a shaft and drop 1 floor!
  1022 | D:3      | Reached skill level 5 in Ranged Weapons
  1105 | D:3      | 1105 ||| READING scroll labelled ADAKHE QIMPE.
  1167 | D:2      | Reached XP level 4. HP: 27/27 MP: 4/4
  1420 | D:2      | Reached skill level 3 in Fighting
  1591 | D:2      | 1591 ||| DRINKING 2 emerald potions.
  1591 | D:2      | Gained mutation: You are dopey. (Int -2) [potion of
                  | mutation]
  1591 | D:2      | Gained mutation: You are robust. (+10% HP) [potion of
                  | mutation]
  1598 | D:2      | 1598 ||| DRINKING 2 silvery potions.
  1674 | D:3      | Found a white marble altar of Elyvilon.
  1822 | D:3      | Found a basalt altar of Yredelemnul.
  1894 | D:3      | Found an iron altar of Okawaru.
  1895 | D:3      | 1895 ||| PLANNING OKAWARU WORSHIP
  1905 | D:3      | Became a worshipper of Warmaster Okawaru
  1905 | D:3      | 1905 ||| PLANNING D:1-11
  1912 | D:3      | Identified the ring of Tauloq {rF+ rC+ Str+6 Int-2 SInv}
  1994 | D:3      | Noticed Ijyb
  2006 | D:3      | HP: 5/30 [constriction (6)]
  2007 | D:3      | 2007 ||| DRINKING potion of heal wounds.
  2009 | D:3      | Killed Ijyb
  2010 | D:3      | Reached XP level 5. HP: 27/35 MP: 5/5
  2040 | D:3      | Found Delousa's Magic Scroll Emporium.
  2047 | D:3      | 2047 ||| BUYING scroll of enchant armour (82 gold).
  2047 | D:3      | Bought a scroll of enchant armour for 82 gold pieces
  2047 | D:3      | 2047 ||| BUYING scroll of identify (22 gold).
  2047 | D:3      | Bought a scroll of identify for 22 gold pieces
  2083 | D:3      | 2083 ||| Stepping ~*~*~tactically~*~*~ (outnumbered).
  2085 | D:3      | 2085 ||| Stepping ~*~*~tactically~*~*~ (outnumbered).
  2093 | D:3      | 2093 ||| FLEEEEING.
  2132 | D:3      | Found Aruhuo's General Store.
  2139 | D:3      | 2139 ||| SHOPLISTING +11 shortbow of the Tundras {heavy,
                  | rC+ Int+2 Dex-4} (842 gold, have 65).
  2139 | D:3      | 2139 ||| SHOPLISTING potion of resistance (120 gold, have
                  | 65).
  2272 | D:3      | Reached skill level 6 in Ranged Weapons
  2286 | D:3      | 2286 ||| READING scroll of enchant weapon.
  2286 | D:3      | 2286 ||| ENCHANTING +1 shortbow.
  2301 | D:3      | 2301 ||| UPGRADING to scarf of repulsion.
  2306 | D:3      | 2306 ||| UPGRADING to ring of Tauloq {rF+ rC+ Str+6 Int-2
                  | SInv}.
  2307 | D:3      | 2307 ||| READING 2 scrolls of identify.
  2307 | D:3      | 2307 ||| IDENTIFYING fuming red potion
  2308 | D:3      | 2308 ||| DROPPING potion of degeneration.
  2411 | D:4      | Found a hide-covered altar of Uskayaw.
  2418 | D:4      | Noticed Menkaure
  2428 | D:4      | Slain by an iguana

Levels and vault maps discovered:
D:1:      spicycebolla_arrival_transporter_tutorial, layout_loops_corners,
          serial_bayou_pond_e
D:2:      layout_basic
D:3:      layout_basic, mainiacjoe_overflow_alcove_2, okawaru_gym_becter,
          mainiacjoe_overflow_brackets, serial_shops, shop_fountains, shop,
          uniq_ijyb
D:4:      layout_basic, mainiacjoe_overflow_cross_hatched,
          nicolae_uskayaw_murder_on_the_dancefloor, general_overflow_altar,
          led_sif_book, uniq_blork_the_orc, uniq_menkaure, uniq_pikel

Skill      XL: |  1  2  3  4  5 |
---------------+----------------+-----
Armour         | 1 |  1.4
Ranged Weapons | 5 6 |  6.0
Fighting       | 3 |  3.7
Dodging        | |  1.5
Stealth        | |  1.1

Action                     |  1- 3 |  4- 6 || total
---------------------------+-------+-------++-------
   Fire: Shortbow          |    92 |   113 ||   205
    Use: Potion            |     2 |     3 ||     5
         Scroll            |     2 |     2 ||     4
 Armour: Leather armour    |     6 |       ||     6
         Ring mail         |    11 |    18 ||    29
  Dodge: Dodged            |    28 |    22 ||    50

Table legend:
 A = Non-vault XP
 B = Vault XP
 C = Vault XP percentage of total XP
 D = Non-vault monster count
 E = Vault monster count
 F = Vault count percentage of total count
                 A         B        C        D         E       F
            +---------+---------+-------+---------+---------+-------
      Total |     254 |      36 |  12.4 |      57 |       1 |   1.7
            +---------+---------+-------+---------+---------+-------
        D:1 |      39 |       0 |   0.0 |      16 |       0 |   0.0
        D:2 |      56 |       0 |   0.0 |      15 |       0 |   0.0
        D:3 |     111 |      36 |  24.5 |      21 |       1 |   4.5
        D:4 |      48 |       0 |   0.0 |       5 |       0 |   0.0
            +---------+---------+-------+---------+---------+-------
